Map: Oxide LE

Players

PattyMac

  • Race: Protoss Protoss
  • League: Grandmaster

MCanning - Winner!

  • Race: Protoss Protoss

Event: DreamHack SC2 Masters 2021 Summer

VOD

Have the link to the VOD?

Description

Time

  • Played on: May 30, 2021, 3:34 p.m.
  • Length: 17:15

All games in this series

Show
View Real Time Build Order
Export as new Build Order

PattyMac Protoss 

Build Orders: Phoenix Opening, Blink Stalkers 

Get SALT Encoding   

  12  0:00  Probe  
  13  0:12  Probe  
  14  0:17  Pylon  
  14  0:24  Probe (Chrono Boost)  
  16  0:37  Probe (Chrono Boost), Gateway  
  16  0:42  Probe (Chrono Boost)  
  16  0:45  Assimilator  
  17  0:52  Probe  
  17  0:54  Assimilator  
  18  1:04  Probe (Chrono Boost)  
  18  1:08  Gateway  
  19  1:14  Probe (Chrono Boost)  
  20  1:19  Probe (Chrono Boost)  
  21  1:26  Cybernetics Core  
  21  1:30  Probe  
  22  1:35  Pylon  
  22  1:42  Probe  
  23  1:54  Probe  
  24  2:03  Stalker x2  
  24  2:06  Warp Gate  
  24  2:07  Probe  
  29  2:12  Pylon  
  29  2:19  Probe  
  30  2:33  Sentry x2  
  34  2:46  Nexus  
  34  2:48  Probe (Chrono Boost)  
  34  2:57  Pylon  
  34  2:58  Probe (Chrono Boost)  
  35  3:06  Probe (Chrono Boost)  
  36  3:16  Twilight Council, Sentry  
  36  3:18  Probe (Chrono Boost)  
  39  3:21  Stalker  
  39  3:22  Phoenix  
  39  3:23  Probe (Chrono Boost)  
  42  3:32  Probe  
  43  3:38  Forge  
  43  3:45  Probe  
  44  3:53  Blink (Chrono Boost)  
  44  3:59  Probe (Chrono Boost)  
  44  4:01  Probe (Chrono Boost)  
  46  4:08  Probe (Chrono Boost)  
  48  4:10  Adept x2  
  48  4:11  Probe (Chrono Boost)  
  48  4:13  Probe (Chrono Boost)  
  53  4:17  Protoss Ground Weapons Level 1, Phoenix  
  53  4:21  Probe  
  53  4:22  Assimilator  
  54  4:25  Probe  
  55  4:33  Probe, Gateway  
  55  4:35  Stalker  
  55  4:37  Probe  
  55  4:38  Pylon  
  59  4:43  Stalker  
  59  4:45  Probe  
  62  4:50  Pylon  
  62  4:53  Shield Battery  
  62  4:56  Probe  
  62  4:57  Probe  
  64  5:02  Stalker  
  66  5:07  Stalker  
  66  5:08  Probe  
  66  5:09  Probe  
  66  5:29  Stalker x2  
  69  5:37  Probe  
  69  5:39  Probe  
  71  5:49  Probe  
  72  5:50  Nexus, Stalker  
  72  5:51  Probe, Pylon  
  74  6:00  Charge (Chrono Boost)  
  74  6:01  Probe (Chrono Boost)  
  74  6:03  Probe (Chrono Boost)  
  76  6:10  Stalker x2  
  77  6:13  Probe (Chrono Boost)  
  77  6:15  Probe (Chrono Boost)  
  78  6:22  Probe (Chrono Boost)  
  78  6:23  Probe (Chrono Boost)  
  78  6:24  Protoss Ground Weapons Level 2 (Chrono Boost)  
  78  6:25  Shield Battery  
  80  6:27  Probe  
  80  6:28  Gateway  
  80  6:30  Gateway  
  81  6:33  Gateway  
  81  6:37  Probe  
  82  6:40  Gateway  
  82  6:50  Robotics Facility  
  82  7:01  Photon Cannon  
  80  7:03  Photon Cannon  
  80  7:05  Probe, Photon Cannon  
  80  7:06  Probe, Photon Cannon  
  80  7:07  Probe  
  81  7:10  Photon Cannon  
  81  7:18  Probe x2  
  83  7:25  Probe, Stalker x2  
  88  7:30  Probe  
  88  7:31  Templar Archives  
  88  7:33  Stalker  
  88  7:35  Probe  
  92  7:38  Observer (Chrono Boost)  
  92  7:40  Pylon  
  92  7:41  Gateway  
  93  7:46  Probe x2  
  93  7:47  Probe  
  96  7:55  Immortal (Chrono Boost), Assimilator  
  96  7:57  Assimilator  
  96  7:58  Probe x2  
  98  8:00  Assimilator  
  102  8:17  Zealot  
  102  8:18  Zealot x2  
  108  8:23  Pylon  
  108  8:25  Pylon x2  
  108  8:29  Pylon  
  107  8:41  Protoss Ground Weapons Level 3 (Chrono Boost)  
  107  8:46  Zealot x6  
  107  8:48  Pylon  
  123  8:49  Pylon  
  123  8:50  Warp Prism  
  121  8:58  Nexus  
  121  9:07  Probe x2  
  123  9:17  Zealot x3  
  123  9:18  Zealot x2  
  123  9:19  High Templar  
  123  9:20  High Templar  
  123  9:23  Photon Cannon  
  137  9:24  Gateway  
  137  9:26  Archon  
  137  9:31  Probe  
  137  9:32  Probe  
  137  9:35  Pylon  
  139  9:41  Zealot  
  139  9:44  Observer  
  141  9:50  Pylon  
  141  9:52  Pylon  
  141  9:56  Pylon  
  141  10:08  High Templar x4  
  141  10:12  High Templar x4, Archon  
  141  10:13  Archon  
  155  10:14  Probe x2  
  155  10:15  Probe  
  155  10:16  Archon  
  155  10:17  Archon, Shield Battery  
  158  10:22  Zealot  
  158  10:29  Robotics Bay  
  158  10:33  Robotics Facility  
  156  10:47  Zealot x7  
  156  10:48  Zealot x2  
  135  11:10  Zealot x3  
  135  11:11  Zealot x6  
  125  11:16  Probe x3  
  125  11:17  Pylon  
  125  11:18  Disruptor (Chrono Boost)  
  137  11:19  Dark Shrine  
  133  11:31  Zealot x9  
  131  11:39  Disruptor (Chrono Boost)  
  127  11:42  Probe  
  127  11:43  Probe  
  127  11:46  Assimilator  
  132  11:47  Protoss Shields Level 1 (Chrono Boost)  
  132  11:52  Disruptor (Chrono Boost)  
  135  11:58  Gravitic Drive  
  135  12:08  Observer (Chrono Boost)  
  136  12:11  Pylon  
  136  12:16  Pylon  
  136  12:17  Probe, Disruptor (Chrono Boost)  
  136  12:18  Probe x2  
  136  12:19  Photon Cannon  
  136  12:21  Photon Cannon, Assimilator  
  142  12:24  High Templar x2  
  142  12:25  High Templar x2  
  142  12:27  Disruptor  
  142  12:29  Archon x2  
  153  12:30  Pylon  
  153  12:31  Dark Templar  
  153  12:33  Zealot x4  
  157  12:50  Disruptor  
  160  12:58  Dark Templar x2  
  150  13:03  Zealot x6  
  150  13:04  Zealot  
  150  13:05  Disruptor (Chrono Boost)  
  165  13:10  Nexus  
  165  13:12  Pylon  
  165  13:14  Photon Cannon  
  137  13:28  Zealot x7  
  140  13:34  Dark Templar x2  
  140  13:35  Observer (Chrono Boost)  
  139  13:53  Dark Templar x4  
  128  14:00  Zealot x3  
  108  14:15  Dark Templar x2  
  84  14:22  Disruptor (Chrono Boost)  
  84  14:23  Zealot x2  
  77  14:25  Stalker x2  
  81  14:35  Disruptor (Chrono Boost)  
  81  14:36  Zealot x2  
  81  14:37  Zealot  
  86  14:41  Probe x2  
  73  15:08  Stalker x2  
  73  15:09  Stalker x4  
  73  15:10  Disruptor  
  88  15:20  Dark Templar  
  86  15:48  Disruptor (Chrono Boost)  
  86  15:49  Disruptor (Chrono Boost)  
  89  15:50  Nexus  
  92  16:00  Dark Templar x2  
  95  16:09  Dark Templar  
  97  16:16  Zealot x4  
  104  16:21  Observer (Chrono Boost)  
  104  16:23  Disruptor (Chrono Boost)  
  108  16:29  Pylon  
  101  16:54  Dark Templar  
  97  17:03  Zealot x4  
  97  17:07  Nexus  
Show
View Real Time Build Order
Export as new Build Order

MCanning Protoss - Winner!

Build Orders: 1 Gate Expand 

Get SALT Encoding   

  12  0:00  Probe  
  13  0:12  Probe  
  14  0:19  Pylon  
  14  0:24  Probe  
  15  0:37  Probe (Chrono Boost), Gateway  
  16  0:47  Assimilator  
  16  0:48  Probe (Chrono Boost)  
  17  0:52  Probe (Chrono Boost)  
  18  1:03  Probe  
  20  1:21  Nexus  
  19  1:31  Cybernetics Core  
  19  1:34  Probe  
  20  1:40  Zealot (Chrono Boost)  
  22  1:50  Pylon  
  22  1:55  Assimilator  
  22  1:59  Probe  
  23  2:11  Probe  
  23  2:14  Stalker (Chrono Boost)  
  24  2:18  Warp Gate (Chrono Boost)  
  26  2:23  Probe  
  27  2:33  Robotics Facility  
  27  2:35  Probe  
  29  2:43  Shield Battery  
  28  2:45  Probe  
  29  2:53  Sentry  
  31  3:01  Gateway  
  31  3:02  Probe  
  31  3:05  Probe  
  33  3:12  Shield Battery  
  34  3:24  Immortal (Chrono Boost)  
  32  3:31  Probe  
  32  3:33  Probe  
  38  3:45  Probe (Chrono Boost)  
  39  3:48  Probe (Chrono Boost)  
  39  3:55  Probe (Chrono Boost)  
  40  3:58  Probe (Chrono Boost)  
  40  4:02  Warp Prism  
  42  4:05  Sentry  
  46  4:12  Pylon  
  46  4:15  Twilight Council  
  46  4:16  Probe  
  46  4:22  Pylon  
  46  4:30  Probe x2  
  48  4:38  Adept  
  50  4:39  Adept  
  50  4:42  Probe (Chrono Boost)  
  54  4:47  Probe (Chrono Boost), Forge  
  54  4:51  Observer  
  54  4:52  Blink (Chrono Boost)  
  56  4:53  Probe (Chrono Boost)  
  56  4:56  Probe (Chrono Boost)  
  56  4:57  Probe (Chrono Boost)  
  58  5:06  Probe, Pylon  
  59  5:08  Probe  
  59  5:09  Gateway  
  60  5:18  Probe, Assimilator  
  60  5:20  Probe  
  62  5:26  Immortal (Chrono Boost)  
  66  5:34  Protoss Ground Weapons Level 1 (Chrono Boost)  
  66  5:35  Probe  
  67  5:36  Probe  
  67  5:38  Gateway, Assimilator  
  68  5:45  Dark Shrine  
  68  5:47  Probe  
  68  5:48  Probe  
  70  5:50  Pylon  
  70  6:08  Probe  
  70  6:09  Immortal  
  75  6:15  Probe  
  75  6:17  Gateway  
  72  6:19  Gateway, Pylon  
  72  6:24  Stalker x2  
  76  6:26  Stalker  
  78  6:33  Pylon  
  78  6:37  Probe  
  79  6:42  Robotics Bay  
  79  6:52  Probe  
  79  6:59  Probe  
  79  7:04  Probe  
  79  7:05  Nexus  
  79  7:06  Dark Templar  
  82  7:10  Dark Templar  
  82  7:11  Probe  
  85  7:17  Charge, Pylon  
  85  7:18  Zealot  
  85  7:21  Probe  
  88  7:25  Probe  
  88  7:29  Gateway, Disruptor  
  89  7:32  Gateway, Pylon  
  89  7:33  Probe  
  93  7:37  Photon Cannon  
  93  7:40  Shield Battery  
  93  7:45  Protoss Ground Weapons Level 2 (Chrono Boost)  
  93  7:58  Photon Cannon  
  93  8:00  Photon Cannon  
  93  8:04  Shield Battery  
  93  8:05  Disruptor (Chrono Boost)  
  93  8:09  Probe  
  93  8:12  Assimilator  
  97  8:13  Probe  
  97  8:15  Zealot  
  97  8:19  Probe  
  101  8:21  Probe  
  101  8:25  Probe  
  101  8:26  Robotics Facility  
  103  8:28  Pylon  
  103  8:32  Probe  
  104  8:34  Disruptor (Chrono Boost)  
  104  8:37  Assimilator  
  105  8:49  Dark Templar x2  
  105  8:50  Dark Templar x2  
  105  8:54  Pylon  
  113  8:56  Archon x2  
  113  8:59  Stalker x2  
  117  9:10  Pylon  
  117  9:12  Disruptor  
  117  9:14  Pylon  
  120  9:20  Stalker  
  120  9:22  Stalker x3  
  127  9:26  Dark Templar  
  127  9:28  Zealot x2  
  133  9:34  Pylon  
  133  9:39  Disruptor  
  133  9:44  Dark Templar  
  138  9:49  Dark Templar  
  140  9:59  Probe  
  139  10:01  Zealot x3  
  139  10:05  Nexus  
  145  10:10  Disruptor  
  145  10:12  Stalker x2  
  142  10:15  Pylon  
  134  10:24  Stalker  
  134  10:25  Stalker x2  
  140  10:31  Shadow Stride (Chrono Boost)  
  140  10:32  Photon Cannon  
  140  10:37  Disruptor  
  126  11:00  Nexus  
  126  11:01  Zealot x3  
  126  11:02  Zealot x3  
  125  11:07  Disruptor  
  110  11:35  Stalker x6  
  110  11:38  Nexus  
  122  11:45  Templar Archives  
  122  11:51  Probe  
  122  11:52  Pylon  
  123  11:54  Disruptor x2 (Chrono Boost)  
  129  12:02  Probe x2  
  131  12:11  Dark Templar  
  131  12:12  Dark Templar x2  
  137  12:18  Stalker  
  139  12:24  Photon Cannon  
  139  12:25  Shield Battery  
  139  12:26  Probe  
  140  12:32  Disruptor  
  139  12:44  Dark Templar x3  
  139  12:45  Dark Templar  
  146  12:51  Zealot x2  
  146  12:52  Zealot  
  146  13:00  Disruptor  
  146  13:01  Probe  
  146  13:04  Probe  
  143  13:10  Disruptor (Chrono Boost)  
  146  13:15  Dark Templar  
  146  13:16  Zealot x2  
  146  13:19  Pylon  
  132  13:33  Disruptor (Chrono Boost)  
  128  13:43  Observer (Chrono Boost)  
  125  13:52  Stalker x4  
  125  13:53  Stalker  
  133  14:07  Photon Cannon  
  133  14:08  Photon Cannon  
  129  14:10  Shield Battery  
  120  14:18  Stalker x2  
  120  14:19  Stalker x3  
  120  14:23  Probe  
  129  14:33  Dark Templar  
  131  14:40  Disruptor x2 (Chrono Boost)  
  135  15:02  Zealot  
  135  15:03  Zealot x4  
  140  15:09  Disruptor  
  143  15:17  Nexus, Stalker  
  143  15:18  Stalker  
  145  15:27  Observer  
  146  15:31  Probe, Dark Templar  
  146  15:35  Pylon  
  149  15:46  Nexus  
  149  15:47  Assimilator  
  149  15:48  Probe  
  149  15:49  Pylon, Assimilator  
  148  15:52  Pylon  
  148  15:54  Photon Cannon  
  148  15:57  Photon Cannon  
  148  15:58  Shield Battery  
  148  16:06  Photon Cannon, Zealot x2  
  150  16:16  Disruptor (Chrono Boost)  
  150  16:23  Dark Templar  
  155  16:27  Probe  
  155  16:31  Probe  
  157  16:34  Assimilator  
  157  16:38  Assimilator  
  146  16:54  Zealot x3  
  146  16:55  Zealot  
  140  17:05  Zealot x3  
Tags
 
Add a new tag
Caveats
  • Supply blocks, unpowered buildings, or Contaminate may cause inaccurate times.
  • Supply counts are checked every 10 seconds.